 Dungeon Sprint DCSS version 0.19-a0-1882-gbb73ea0 (webtiles) character file.

1008 poirepourri the Geomancer (level 8, -3/41 HPs)
             Began as a Gargoyle Earth Elementalist on Oct 14, 2016.
             Was an Initiate of Vehumet.
             Slain by a deep troll (7 damage)
             ... in the Dungeon (Sprint I: "Red Sonja").
             The game lasted 00:01:46 (400 turns).

poirepourri the Geomancer (GrEE)                     Turns: 400, Time: 00:01:47

Health: -3/41      AC:  7    Str: 12    XL:     8   Next: 20%
Magic:  9/23       EV: 12    Int: 18    God:    Vehumet [......]
Gold:   324        SH:  0    Dex: 10    Spells: 5 memorised, 15 levels left

rFire  . . .     SeeInvis .       - Unarmed
rCold  . . .     Gourm    .     c - +0 robe
rNeg   + . .     Faith    .     (no shield)
rPois  ∞         Spirit   .     (no helmet)
rElec  +         Dismiss  .     (no cloak)
rCorr  .         Reflect  .     (no gloves)
MR     .....     Harm     .     (no boots)
Stlth  ++........ NoTele   +    (no amulet)
                                (no ring)
                                (no ring)

@: no status effects
A: negative energy resistance 1, electricity resistance, unbreathing,
petrification resistance, rot immunity, AC +5
a: Renounce Religion


You were in the Dungeon.
You worshipped Vehumet.
Vehumet was noncommittal.
You were not hungry.

You visited 1 branch You collected 324 gold pieces.

Inventory:

Hand Weapons
 l - a +0 dagger of venom
Armour
 c - a +0 robe (worn)
Wands
 i - a wand of acid (9/15)
Scrolls
 j - a scroll of blinking
Potions
 a - a potion of resistance {unknown}
 e - a potion of curing
 g - a potion of haste
 h - a potion of magic
Books
 k - a book of Geomancy

   Spells                             Type                      Level
   a - Sandblast                      Earth                        1
   b - Passwall                       Transmutation/Earth          2
   c - Stone Arrow                    Conjuration/Earth            3
   d - Petrify                        Transmutation/Earth          4
   e - Lee's Rapid Deconstruction     Earth                        5
Comestibles
 d - a bread ration


   Skills:
 - Level 1.5 Dodging
 - Level 2.1 Stealth
 - Level 1.0 Unarmed Combat
 * Level 11.9 Spellcasting
 + Level 0.7 Transmutations
 + Level 13.8 Earth Magic


You had 15 spell levels left.
You knew the following spells:

 Your Spells              Type           Power        Failure   Level  Hunger
a - Sandblast             Erth           ######       1%          1    None
b - Passwall              Tmut/Erth      #####.....   1%          2    None
c - Stone Arrow           Conj/Erth      #####.       1%          3    None
d - Petrify               Tmut/Erth      #####...     3%          4    ##.....
e - Lee's Rapid Deconstr  Erth           ######....   1%          5    ####...


Dungeon Overview and Level Annotations

Branches:
Dungeon (1/1)

Altars:
Cheibriados
Dithmenos
Elyvilon
Fedhas
Gozag
Hepliaklqana
Kikubaaqudgha
Nemelex Xobeh
Okawaru
Qazlal
Ru
Sif Muna
Trog
Uskayaw
Vehumet
Yredelemnul
Zin
The Shining One

Shops:
D :


Innate Abilities, Weirdness & Mutations

You are resistant to torment.
Your stone body is resilient. (AC +5)
You are immune to poison.
You resist negative energy. (rN+)
You are resistant to electric shocks. (rElec)
You can survive without breathing.
You are immune to petrification.
You are immune to rotting.


Message History

Casting: Sandblast
Confirm with . or Enter, or press ? or * to list all spells.
Aiming: Sandblast
Press: ? - help, Shift-Dir - straight line, f/p - deep troll
Aim: a deep troll (heavily wounded)
The blast of sand hits the deep troll.
The deep troll is heavily wounded.
The deep troll bites you! The deep troll barely misses you.
The deep troll claws you.
You feel much better. The deep troll bites you! The deep troll claws you! x2
* * * LOW HITPOINT WARNING * * *
Casting: Sandblast
Confirm with . or Enter, or press ? or * to list all spells.
Aiming: Sandblast
Press: ? - help, Shift-Dir - straight line, f/p - deep troll
Aim: a deep troll (heavily wounded)
The blast of sand hits the deep troll.
The deep troll is heavily wounded.
The deep troll bites you!
You die...

#..#####'#####'#
#..####..#...#.#
#..#__####..##.#
#..#_____##'#..+
#⌠⌠#_.∩...'.(._#
####_..__##_(#'#
#_____###'#[#
#########.####+###
+$@T'$$.$$+
#$.$####### ##.##
#+#


You could see a deep troll.

Vanquished Creatures
  Sonja (D)
  Sigmund (D)
  A yak (D)
  An ogre (D)
  A jelly (D)
  Ijyb (D)
6 creatures vanquished.

Notes
Turn   | Place    | Note
-------+----------+-------------------------------------------
     0 | D        | poirepourri the Gargoyle Earth Elementalist began the quest for the Orb.
     0 | D        | Reached XP level 1. HP: 10/10 MP: 3/3
     2 | D        | Noticed Ijyb
    29 | D        | Killed Ijyb
    29 | D        | Reached skill level 1 in Unarmed Combat
    29 | D        | Reached skill level 6 in Earth Magic
    29 | D        | Reached XP level 2. HP: 15/15 MP: 1/6
    29 | D        | Reached XP level 3. HP: 19/19 MP: 1/8
    88 | D        | Learned a level 2 spell: Passwall
    92 | D        | Learned a level 3 spell: Stone Arrow
    93 | D        | Noticed an ogre
    97 | D        | Killed an ogre
    97 | D        | Reached skill level 8 in Earth Magic
    97 | D        | Reached XP level 4. HP: 24/24 MP: 2/12
   176 | D        | Learned a level 4 spell: Petrify
   189 | D        | Noticed Sigmund
   193 | D        | Killed Sigmund
   193 | D        | Reached skill level 10 in Earth Magic
   193 | D        | Reached XP level 5. HP: 21/28 MP: 6/15
   193 | D        | Reached XP level 6. HP: 24/32 MP: 6/17
   276 | D        | Found a deep blue altar of Sif Muna.
   278 | D        | Found a radiant altar of Vehumet.
   280 | D        | Reached skill level 11 in Earth Magic
   298 | D        | Became a worshipper of Vehumet
   319 | D        | Learned a level 5 spell: Lee's Rapid Deconstruction
   328 | D        | Found Onukicut's Book Emporium.
   328 | D        | Found an ancient bone altar of Kikubaaqudgha.
   328 | D        | Found a hazy altar of Hepliaklqana.
   328 | D        | Found a stormy altar of Qazlal.
   328 | D        | Found a hide-covered altar of Uskayaw.
   328 | D        | Found a blossoming altar of Fedhas.
   328 | D        | Found a bloodstained altar of Trog.
   328 | D        | Found an iron altar of Okawaru.
   328 | D        | Found a basalt altar of Yredelemnul.
   328 | D        | Found a glowing golden altar of the Shining One.
   328 | D        | Found a snail-covered altar of Cheibriados.
   328 | D        | Found a sacrificial altar of Ru.
   328 | D        | Found a glowing silver altar of Zin.
   328 | D        | Found a shadowy altar of Dithmenos.
   328 | D        | Found a white marble altar of Elyvilon.
   328 | D        | Noticed a yak
   331 | D        | Killed a yak
   331 | D        | Reached skill level 12 in Earth Magic
   331 | D        | Reached XP level 7. HP: 36/36 MP: 13/20
   332 | D        | Found an opulent altar of Gozag.
   333 | D        | Found a sparkling altar of Nemelex Xobeh.
   379 | D        | Noticed Sonja
   383 | D        | Killed Sonja
   383 | D        | Reached skill level 13 in Earth Magic
   383 | D        | Reached XP level 8. HP: 41/41 MP: 14/23
   390 | D        | Noticed a deep troll
   400 | D        | Slain by a deep troll

Vault maps used:
D:        dungeon_sprint_1

Skill      XL: |  1  2  3  4  5  6  7 |
---------------+----------------------+-----
Unarmed Combat | 1 |  1.0
Spellcasting   | 3 6 8 9 11 | 11.9
Earth Magic    | 6 8 10 12 13 | 13.8
Dodging        | |  1.5
Stealth        | |  2.1
Transmutations | |  0.7

Action                   |  1- 3 |  4- 6 |  7- 9 || total
-------------------------+-------+-------+-------++-------
Melee: Unarmed           |    17 |       |       ||    17
 Cast: Sandblast         |     8 |     7 |     8 ||    23
       Stone Arrow       |     1 |     1 |     3 ||     5
  Use: Potion            |     2 |       |     1 ||     3
Armor: Robe              |     3 |       |       ||     3
Dodge: Dodged            |     9 |     1 |     6 ||    16
